 Dungeon Crawl Stone Soup version 0.30.0-29-ga12c61a403 (webtiles) character file.

Game seed: 16870508129279096717

65 Graphine the Slasher (level 4, -3/35 HPs)
             Began as a Barachi Gladiator on June 24, 2023.
             Was an Initiate of Cheibriados.
             Slain by an orc
             ... wielding a +0 flail
              (7 damage)
             ... on level 4 of the Dungeon.
             The game lasted 00:06:50 (2286 turns).

Graphine the Slasher (Barachi Gladiator)            Turns: 2286, Time: 00:06:51

Health: -3/35      AC:  4    Str: 16    XL:     4   Next: 13%
Magic:  1/4        EV: 13    Int: 10    God:    Cheibriados [......]
Gold:   152        SH:  0    Dex: 16    Spells: 2/3 levels left

rFire   . . .        q - staff of conjuration
rCold   . . .        (no shield)
rNeg    . . .        b - +0 leather armour
rPois   .            c - +0 helmet
rElec   .            (no cloak)
rCorr   .            (no gloves)
SInv    .            (no boots)
Will    .....        (no amulet)
Stlth   +            (no ring)
HPRegen 0.25/turn    (no ring)
MPRegen 0.09/turn

%: no passive effects
@: very slow
A: amphibious, slowness 1, strong legs 1, +LOS
a: Hop, Renounce Religion


You were on level 4 of the Dungeon.
You worshipped Cheibriados.
Cheibriados was noncommittal.
You visited 1 branch of the dungeon, and saw 4 of its levels.

You collected 152 gold pieces.

Inventory:

Hand Weapons
 a - a +0 long sword
 p - a +2 short sword of draining
Missiles
 d - 2 throwing nets (quivered)
 e - a javelin
Armour
 b - a +0 leather armour (worn)
 c - a +0 helmet (worn)
Magical Staves
 q - a staff of conjuration (weapon)
 t - a staff of poison
Jewellery
 g - a ring of ice
Wands
 x - a wand of polymorph (5)
Scrolls
 h - a scroll of vulnerability
 n - a scroll of teleportation
Potions
 f - a potion of cancellation
 i - 2 potions of curing
 j - a potion of mutation {unknown}
 k - 3 potions of lignification
 l - a potion of invisibility {unknown}
 s - a potion of ambrosia {unknown}
 u - a potion of heal wounds {unknown}


   Skills:
 * Level 3.1 Fighting
 - Level 4.0 Long Blades
 * Level 0.3 Staves
 - Level 2.0 Throwing
 + Level 1.5 Armour
 + Level 3.7 Dodging
 + Level 1.3 Shields
 + Level 0.3 Spellcasting
 * Level 0.2 Conjurations
 + Level 0.1 Invocations
 + Level 0.1 Evocations


You had 2 spell levels left.
You knew the following spells:

 Your Spells              Type           Power      Damage    Failure   Level
a - Foxfire               Conj/Fire      0%         2x1d4     41%         1

Your spell library contained the following spells:

 Spells                   Type           Power      Damage    Failure   Level
 Momentum Strike          Conj/Tloc      0%         3d8       54%         2
 Blink                    Tloc           0%         N/A       56%         2
 Lesser Beckoning         Tloc           0%         N/A       56%         2
 Poisonous Vapours        Pois/Air       0%         N/A       56%         2
 Mephitic Cloud           Conj/Pois/Air  0%         N/A       78%         3
 Fireball                 Conj/Fire      0%         3d3       100%        5
 Freezing Cloud           Conj/Ice/Air   0%         6-21      100%        5
 Plasma Beam              Fire/Air       0%         2x1d11    100%        6
 Starburst                Conj/Fire      0%         6d3       100%        6


Dungeon Overview and Level Annotations

Branches:
Dungeon (4/15)
 Temple: D:4-7

Altars:
Cheibriados
Xom

Shops:
D:1 :

Annotations:
D:4 Ijyb


Innate Abilities, Weirdness & Mutations

You are amphibious.
You cover ground slowly.
You can hop short distances.
You have an extended range of vision and can be seen from far away.


Message History

Aim: an orc, wielding a +0 dagger and wearing a +0 leather armour (moderately wounded, 62% to hit)
Okay, then.
Throw: 3 javelins (silver)
Press: ? - help, Shift-Dir - straight line, f/p - orc
Aim: an orc, wielding a +0 dagger and wearing a +0 leather armour (moderately wounded, 62% to hit)
You throw a silver javelin.
The silver javelin closely misses the orc.
The silver javelin pierces through the orc!
You kill the orc!
Cheibriados appreciates the change of pace.
The silver javelin pierces through the orc but does no damage.
The orc is moderately wounded.
The orc completely misses you. Something hits you.
Your magical contamination has completely faded away.
Throw: 2 javelins (silver)
Press: ? - help, Shift-Dir - straight line, f - orc
Aim: an orc, wielding a +0 flail (heavily wounded, 62% to hit)
You throw a silver javelin.
The silver javelin barely misses the orc.
The silver javelin barely misses the ufetubus.
The silver javelin barely misses the orc.
The silver javelin barely misses Ijyb.
The orc completely misses you. Something barely misses you.
Throw: javelin (silver)
Press: ? - help, Shift-Dir - straight line, f/p - orc
Aim: an orc, wielding a +0 flail (heavily wounded, 62% to hit)
You throw a silver javelin.
The silver javelin closely misses the orc.
The silver javelin pierces through the ufetubus.
You kill the ufetubus!
Cheibriados thoroughly appreciates the change of pace.
The silver javelin completely misses the orc.
The silver javelin pierces through Ijyb.
Ijyb is lightly wounded.
Something hits you. The orc hits you with a +0 flail!
* * * LOW HITPOINT WARNING * * *
Something hits you.
* * * LOW HITPOINT WARNING * * *
The orc hits you with a +0 flail!
You die...

#.#.###<#
#...##.#.#...#
##......w....#
#....###.#.#g#
#.##[.# ..# #..#
## . #..# #..#
#.##..###......
#....{@ogo....(
#......###g.....
#.###.## ...# #
#.# .# #.# #.#
#.# #.#


You could see Ijyb, 2 orcs and a hobgoblin.

Vanquished Creatures
  An adder (D:2)
  An ufetubus (D:4)
  3 dart slugs
  An orc (D:4)
  6 bats
  4 endoplasms
  4 giant cockroaches
  5 hobgoblins
  2 quokkas (D:4)
  5 ball pythons
  2 frilled lizards
  4 goblins (D:1)
  4 kobolds
  6 rats
48 creatures vanquished.

Vanquished Creatures (others)
  12 foxfires (D:4)
12 creatures vanquished.

Grand Total: 60 creatures vanquished

Notes
Turn   | Place    | Note
-------+----------+-------------------------------------------
     0 | D:1      | Graphine the Barachi Gladiator began the quest for the Orb.
     0 | D:1      | Reached XP level 1. HP: 17/17 MP: 1/1
   168 | D:1      | Found Jabratuv's Book Shoppe.
   178 | D:1      | Reached XP level 2. HP: 23/23 MP: 2/2
   342 | D:1      | Reached skill level 1 in Armour
   417 | D:1      | Reached skill level 1 in Shields
   498 | D:1      | Reached XP level 3. HP: 23/28 MP: 3/3
   548 | D:1      | Reached skill level 4 in Long Blades
  1404 | D:3      | Learned a level 1 spell: Foxfire
  1686 | D:3      | Found a shimmering altar of Xom.
  1710 | D:3      | Found a snail-covered altar of Cheibriados.
  1719 | D:3      | Became a worshipper of Cheibriados the Contemplative
  2219 | D:4      | Reached XP level 4. HP: 35/35 MP: 1/4
  2282 | D:4      | Noticed Ijyb
  2286 | D:4      | Slain by an orc

Illustrated notes

Levels and vault maps discovered:
D:1:      minmay_arrival_solitary_statue, layout_loops_cross, serial_shops, shop
D:2:      layout_basic
D:3:      layout_basic, general_overflow_altar, nicolae_overflow_crystal_walls,
          minmay_misc_feat_x, due_unseen_surprise
D:4:      layout_loops_ring, uniq_robin, uniq_ijyb

Skill      XL: |  1  2  3 |
---------------+----------+-----
Armour         | 1 |  1.5
Shields        | 1 |  1.3
Long Blades    | 4 |  4.0
Fighting       | 3 |  3.1
Staves         | |  0.3
Throwing       | |  2.0
Dodging        | |  3.7
Spellcasting   | |  0.3
Conjurations   | |  0.2
Invocations    | |  0.1
Evocations     | |  0.1

Action                     |  1- 3 |  4- 6 || total
---------------------------+-------+-------++-------
  Melee: Long sword        |    90 |       ||    90
         Staff             |    29 |    13 ||    42
  Throw: Throwing net      |     1 |       ||     1
         Javelin           |       |     4 ||     4
   Cast: Foxfire           |     2 |     5 ||     7
Ability: Hop               |     3 |       ||     3
    Use: Scroll            |     8 |       ||     8
   Stab: Sleeping          |     1 |       ||     1
 Armour: Leather armour    |    48 |     5 ||    53
  Dodge: Dodged            |   106 |    14 ||   120
